Map: 2000 Atmospheres LE

Players

Astrea

  • Race: Protoss Protoss
  • League: Master

Scarlett - Winner!

  • Race: Zerg Zerg

Event: DreamHack SC2 Masters 2021 Summer

VOD

Have the link to the VOD?

Description

Time

  • Played on: June 2, 2021, 3:22 p.m.
  • Length: 6:39

All games in this series

Show
View Real Time Build Order
Export as new Build Order

Astrea Protoss 

Build Orders: 1 Gate Expand, Oracle Opening 

Get SALT Encoding   

  12  0:00  Probe  
  13  0:12  Probe  
  14  0:18  Pylon  
  14  0:24  Probe  
  14  0:28  Assimilator  
  15  0:36  Probe (Chrono Boost)  
  16  0:44  Gateway  
  16  0:48  Probe (Chrono Boost)  
  17  0:53  Probe (Chrono Boost)  
  18  1:03  Probe  
  19  1:15  Probe  
  20  1:22  Nexus  
  20  1:33  Cybernetics Core  
  20  1:35  Probe  
  21  1:41  Assimilator  
  21  1:47  Probe  
  21  1:51  Pylon  
  22  2:00  Probe (Chrono Boost)  
  23  2:06  Adept (Chrono Boost)  
  23  2:09  Warp Gate  
  23  2:10  Probe (Chrono Boost)  
  23  2:15  Probe (Chrono Boost)  
  26  2:21  Stargate  
  27  2:27  Probe  
  27  2:28  Adept (Chrono Boost)  
  30  2:34  Probe  
  31  2:39  Probe  
  32  2:46  Probe  
  34  2:51  Probe  
  34  2:57  Void Ray (Chrono Boost)  
  34  2:58  Probe  
  34  3:03  Probe  
  40  3:10  Probe  
  41  3:15  Probe  
  42  3:22  Probe, Nexus  
  42  3:25  Pylon  
  43  3:28  Probe  
  44  3:35  Probe  
  44  3:40  Probe  
  46  3:42  Oracle (Chrono Boost)  
  46  3:43  Gateway  
  46  3:47  Probe  
  50  3:52  Probe, Pylon  
  51  3:59  Probe, Assimilator  
  51  4:01  Assimilator  
  52  4:04  Probe  
  53  4:11  Probe  
  53  4:12  Adept  
  53  4:16  Probe, Pylon  
  57  4:23  Probe, Forge  
  58  4:25  Twilight Council  
  58  4:28  Probe  
  59  4:34  Probe  
  59  4:35  Probe  
  61  4:40  Sentry x2  
  61  4:43  Probe  
  66  4:46  Gateway  
  66  4:47  Probe (Chrono Boost)  
  66  4:48  Probe (Chrono Boost)  
  66  4:49  Gateway, Robotics Facility  
  68  4:59  Probe x2 (Chrono Boost)  
  71  5:05  Probe (Chrono Boost)  
  71  5:08  Probe (Chrono Boost)  
  71  5:10  Probe (Chrono Boost), Dark Shrine  
  71  5:12  Probe (Chrono Boost)  
  71  5:13  Probe  
  74  5:19  Probe  
  76  5:23  Templar Archives, Probe  
  78  5:34  Immortal (Chrono Boost), Stalker x2  
  83  5:37  Shield Battery  
  85  5:47  Photon Cannon x2  
  85  5:48  Shield Battery  
  85  5:51  Pylon, Shield Battery  
  85  5:53  Pylon  
  85  5:56  Photon Cannon x2  
  85  6:02  Cybernetics Core  
  83  6:07  Stalker  
  85  6:11  Stalker x3  
Show
View Real Time Build Order
Export as new Build Order

Scarlett Zerg - Winner!

Build Orders: Hatch First 

Get SALT Encoding   

  12  0:00  Drone  
  13  0:12  Overlord  
  13  0:16  Drone  
  14  0:30  Drone x2  
  16  0:46  Hatchery  
  15  0:50  Drone  
  15  0:54  Drone  
  17  0:57  Drone  
  18  1:08  Extractor  
  17  1:12  Spawning Pool  
  17  1:16  Drone  
  17  1:19  Drone  
  18  1:27  Drone  
  19  1:38  Drone  
  20  1:49  Drone  
  21  1:59  Queen x2  
  25  2:01  Drone  
  25  2:02  Overlord  
  26  2:11  Drone  
  26  2:13  Drone  
  28  2:17  Metabolic Boost  
  28  2:27  Hatchery  
  27  2:30  Drone  
  27  2:32  Zergling x2  
  27  2:34  Zergling x2  
  27  2:36  Drone  
  31  2:43  Queen  
  33  2:47  Overlord  
  33  2:54  Drone  
  33  2:55  Zergling x4  
  36  3:05  Queen  
  36  3:08  Drone x2  
  36  3:09  Zergling x4  
  42  3:14  Overlord  
  42  3:24  Queen  
  44  3:29  Overlord  
  44  3:33  Drone x3  
  47  3:38  Drone x3  
  50  3:42  Overlord  
  50  3:50  Drone x4  
  50  3:53  Spore Crawler  
  53  3:56  Drone  
  53  3:57  Drone  
  53  4:00  Drone x2  
  57  4:05  Queen  
  57  4:07  Drone  
  60  4:16  Drone x5  
  65  4:22  Roach Warren  
  64  4:28  Extractor x2  
  64  4:29  Extractor, Lair  
  64  4:30  Drone x3  
  64  4:36  Drone  
  64  4:37  Drone x2  
  65  4:39  Overlord  
  65  4:45  Overlord  
  65  4:48  Overlord  
  65  4:53  Overlord  
  66  5:00  Drone x4  
  66  5:01  Drone x2  
  71  5:07  Roach x6  
  71  5:12  Spore Crawler  
  71  5:13  Roach x2  
  86  5:19  Spore Crawler  
  86  5:20  Roach x2  
  89  5:26  Zergling x6, Roach  
  90  5:29  Overseer  
  90  5:30  Ravager x2  
  90  5:35  Overlord  
  91  5:37  Zergling x4  
  94  5:43  Ravager  
  94  5:45  Zergling x6  
  94  5:48  Overlord  
  97  5:54  Zergling x2, Ravager  
  97  5:55  Zergling x10  
  105  5:57  Ravager  
  104  6:06  Zergling x2  
  104  6:07  Overlord  
  104  6:08  Zergling x12  
  104  6:10  Ravager  
  111  6:16  Zergling x4  
  110  6:18  Zergling x2  
  110  6:20  Ravager  
  110  6:21  Ravager x2  
Tags
 
Add a new tag
Caveats
  • Supply blocks, unpowered buildings, or Contaminate may cause inaccurate times.
  • Supply counts are checked every 10 seconds.